 Dungeon Crawl Stone Soup version 0.30-a0-1016-gfb0d676c02 (webtiles) character file.

Game seed: 11576558194593021556

186 ThatPearl the Chopper (level 5, 0/48 HPs)
             Began as a Hill Orc Monk on Apr 7, 2023.
             Slain by a lemure (6 damage)
             ... led by Pikel
             ... on level 4 of the Dungeon.
             The game lasted 00:08:00 (2716 turns).

ThatPearl the Chopper (Hill Orc Monk)               Turns: 2716, Time: 00:08:00

Health: 0/48       AC:  6    Str: 22    XL:     5   Next: 65%
Magic:  5/5        EV: 10    Int: 10    God:
Gold:   159        SH:  0    Dex: 13    Spells: 4/4 levels left

rFire   . . .      SeeInvis .    a - +0 hand axe
rCold   + . .      Faith    .    (no shield)
rNeg    . . .      Spirit   .    n - +0 scale mail
rPois   .          Reflect  .    (no helmet)
rElec   .          Rampage  .    (no cloak)
rCorr   .                        (no gloves)
Will    .....                    (no boots) Stlth
                                 u - amulet of regeneration
HPRegen 1.08/turn                d - +6 ring of strength
MPRegen 0.09/turn                r - ring of protection from cold

@: no status effects
A: no striking features
a: no special abilities


You were on level 4 of the Dungeon.
You visited 1 branch of the dungeon, and saw 4 of its levels.

You collected 159 gold pieces.

Inventory:

Hand Weapons
 a - a +0 hand axe (weapon)
 F - a +3 sling
Missiles
 g - 5 poisoned darts (quivered)
 s - 42 stones
Armour
 n - a +0 scale mail (worn)
 t - a +0 kite shield
 y - an orb of guile
Jewellery
 d - a +6 ring of strength (left hand)
 m - an amulet of guardian spirit
 r - a ring of protection from cold (right hand)
 u - an amulet of regeneration (around neck)
Wands
 w - a wand of flame (11)
Scrolls
 f - a scroll of silence {unknown}
 h - a scroll of magic mapping {unknown}
 i - 3 scrolls of vulnerability {unknown}
 j - 3 scrolls of identify {unknown}
 l - a scroll of noise {unknown}
 p - 2 scrolls of fog {unknown}
 q - 2 scrolls of amnesia {unknown}
 v - a scroll of blinking {unknown}
 C - a scroll of butterflies {unknown}
 D - 3 scrolls of torment {unknown}
 E - a scroll of teleportation {unknown}
Potions
 b - a potion of attraction {unknown}
 c - a potion of ambrosia
 e - 2 potions of curing {unknown}
 k - a potion of cancellation {unknown}
 o - a potion of flight {unknown}
 x - a potion of berserk rage {unknown}
 z - 2 potions of heal wounds {unknown}
 A - a potion of mutation {unknown}
 B - a potion of lignification {unknown}


   Skills:
 + Level 5.0 Fighting
 + Level 5.6 Axes
 + Level 3.0 Armour
 - Level 2.4 Dodging
 - Level 1.5 Stealth
 + Level 1.1 Shields


You had 4 spell levels left.
You didn't know any spells.
Your spell library contained the following spells:

 Spells                   Type           Power      Damage    Failure   Level
 Apportation              Tloc           0%         N/A       69%         1
 Necrotise                Necr           0%         1d4       69%         1
 Shock                    Conj/Air       0%         1d3       69%         1
 Summon Small Mammal      Summ           0%         N/A       69%         1
 Swiftness                Air            0%         N/A       96%         3
 Tukima's Dance           Hex            0%         N/A       96%         3
 Vampiric Draining        Necr           0%         2d6       96%         3
 Airstrike                Air            0%         2d(0-16)  100%        4
 Passage of Golubria      Tloc           0%         N/A       100%        4
 Agony                    Necr           0%         N/A       100%        5
 Summon Forest            Summ/Tloc      0%         N/A       100%        5
 Yara's Violent Unravell  Hex/Tmut       0%         3d3       100%        5
 Eringya's Noxious Bog    Tmut/Pois      0%         N/A       100%        6
 Summon Hydra             Summ           0%         N/A       100%        7


Dungeon Overview and Level Annotations

Branches:
Dungeon (4/15)
 Temple: D:4-7

Altars:
Okawaru
Uskayaw
Zin

Annotations:
D:4 Grinder


Message History

The lemure is moderately wounded.
You closely miss the lemure. You barely miss the lemure. The lemure hits you.
The lemure hits you but does no damage. The lemure hits you.
You slash the lemure!
The lemure is severely wounded.
You barely miss the lemure. You hit the lemure. The lemure hits you.
The lemure hits you! The lemure hits you.
* * * LOW HITPOINT WARNING * * *
You hit the lemure.
The lemure is almost dead.
You barely miss the lemure. You hit the lemure. The lemure hits you.
* * * LOW HITPOINT WARNING * * *
The lemure closely misses you. The lemure hits you but does no damage.
You barely miss the lemure.
The lemure is almost dead.
You hit the lemure. x2; The lemure misses you.
The lemure hits you but does no damage. The lemure barely misses you.
You hit the lemure.
You kill the lemure!
That felt strangely unrewarding.
You closely miss the lemure. You hit the lemure. The lemure hits you!
* * * LOW HITPOINT WARNING * * *
The lemure misses you.
You hit the lemure.
The lemure is severely wounded.
You hit the lemure. The lemure barely misses you.
The lemure hits you but does no damage.
You hit the lemure but do no damage.
The lemure is severely wounded.
You hit the lemure but do no damage. The lemure hits you but does no damage.
The lemure completely misses you.
You slash the lemure!
You kill the lemure!
That felt strangely unrewarding.
You hit the lemure but do no damage. The lemure hits you.
* * * LOW HITPOINT WARNING * * *
You closely miss the lemure.
The lemure is heavily wounded.
The lemure hits you.
You die...

#........#
##...5....#
#......5..#
########..5..########
... #.....5.......#
#..####..####.#######
#_.'.....#
#5###########
#..####..#
#5##........# ...
#..# #..#@.......#
#######.##
##.#5..♣♣♣..# #....#
#.'..♣..♣..# ######
#.'..♣..♣..#
###..♣♣♣...#
#.....)..# #........#
##########


You could see a lemure.

Vanquished Creatures
  2 lemures (D:4)
  A hound (D:4)
  Natasha (thrice) (D:2)
  An adder (D:4)
  A dart slug (D:4)
  7 orcs
  3 bats
  4 endoplasms
  6 giant cockroaches
  6 goblins
  2 hobgoblins (D:2)
  3 jackals (D:3)
  2 quokkas
  8 ball pythons
  5 frilled lizards
  6 kobolds
  5 rats
65 creatures vanquished.

Notes
Turn   | Place    | Note
-------+----------+-------------------------------------------
     0 | D:1      | ThatPearl the Hill Orc Monk began the quest for the Orb.
     0 | D:1      | Reached XP level 1. HP: 19/19 MP: 1/1
   206 | D:1      | Reached XP level 2. HP: 23/27 MP: 2/2
   275 | D:1      | Reached skill level 1 in Armour
   915 | D:2      | Reached XP level 3. HP: 33/33 MP: 3/3
   930 | D:2      | Found a hide-covered altar of Uskayaw.
   935 | D:2      | Noticed Natasha
   947 | D:2      | Killed Natasha
  1125 | D:2      | Noticed Natasha
  1135 | D:2      | Killed Natasha
  1136 | D:2      | Reached skill level 5 in Axes
  1136 | D:2      | Reached XP level 4. HP: 37/41 MP: 4/4
  1285 | D:2      | Noticed Natasha
  1312 | D:2      | Killed Natasha
  1652 | D:3      | Found an iron altar of Okawaru.
  1922 | D:3      | Reached XP level 5. HP: 45/47 MP: 5/5
  1933 | D:3      | Found a faded altar of an unknown god.
  2425 | D:4      | Noticed Grinder
  2425 | D:4      | Noticed a lemure
  2537 | D:4      | Reached skill level 5 in Fighting
  2537 | D:4      | Reached skill level 1 in Shields
  2617 | D:4      | Found a glowing silver altar of Zin.
  2675 | D:4      | Noticed a lemure
  2690 | D:4      | Noticed a lemure
  2690 | D:4      | Noticed a lemure
  2712 | D:4      | Killed a lemure
  2715 | D:4      | Killed a lemure
  2716 | D:4      | Slain by a lemure

Illustrated notes

Levels and vault maps discovered:
D:1:      roderic_octagonal_star, layout_loops_ring
D:2:      layout_rooms, basic_altar, uniq_natasha
D:3:      layout_basic, okawaru_ov_weapons_minmay,
          hellmonk_ecumenical_altar_heavens_door
D:4:      layout_basic, zin_treasury, kennysheep_generic_room_7, uniq_grinder,
          uniq_pikel

Skill      XL: |  1  2  3  4  5 |
---------------+----------------+-----
Armour         | 1 2 3 |  3.0
Fighting       | 4 5 |  5.0
Axes           | 5 |  5.6
Shields        | 1 |  1.1
Dodging        | |  2.4
Stealth        | |  1.5

Action                     |  1- 3 |  4- 6 || total
---------------------------+-------+-------++-------
  Melee: Hand axe          |    75 |   168 ||   243
   Stab: Sleeping          |     1 |       ||     1
 Armour: Robe              |     6 |       ||     6
         Scale mail        |    16 |    61 ||    77
  Dodge: Dodged            |    53 |   103 ||   156

Table legend: (Time is in decaauts)
 A = Elapsed time spent in this place.
 B = Non-inter-level travel time spent in this place.
 C = Inter-level travel time spent in this place.
 D = Time resting spent in this place.
 E = Time spent auto-exploring this place.
 F = Levels seen in this place.
 G = Mean time per level.
                   A        B        C        D        E       F      G
               +--------+--------+--------+--------+--------+-----+--------+
         Total |   2737 |   2622 |    115 |      0 |   1858 |   4 |  684.2 |
       Dungeon |   2737 |   2622 |    115 |      0 |   1858 |   4 |  684.2 |
               +--------+--------+--------+--------+--------+-----+--------+

Top non-repeatable levels by time:
     D:3: 918 daAuts
     D:1: 747 daAuts
     D:2: 735 daAuts
     D:4: 336 daAuts
